 Dungeon Crawl Stone Soup version 0.29-a0-1065-g47a6bb87d6 (webtiles) character file.

Game seed: 2891348421402733647

9 SensoryNuts the Cutter (level 2, -4/22 HPs)
             Began as a Vampire Gladiator on Aug 18, 2022.
             Slain by a gnoll
             ... wielding a +0 whip
              (7 damage)
             ... on level 1 of the Dungeon.
             The game lasted 00:00:16 (710 turns).

SensoryNuts the Cutter (Vampire Gladiator)           Turns: 710, Time: 00:00:17

Health: -4/22      AC:  4    Str: 13    XL:     2   Next: 3%
Magic:  2/2        EV: 13    Int: 10    God:
Gold:   56         SH:  0    Dex: 15    Spells: 1/1 levels left

rFire   . . .      SeeInvis +   a - +0 rapier
rCold   . . .      Faith    .   (no shield)
rNeg    . . .      Spirit   .   b - +0 leather armour
rPois   .          Reflect  .   c - +0 helmet
rElec   .          Harm     .   (no cloak)
rCorr   .          Rampage  .   (no gloves)
Will    .....                   (no boots)
Stlth   +.........              (no amulet)
HPRegen 0.27/turn               (no ring)
MPRegen 0.08/turn               (no ring)

@: healing quickly
A: alive, fangs 3, see invisible, vampiric 1
a: Exsanguinate


You were on level 1 of the Dungeon.
You visited 1 branch of the dungeon, and saw 1 of its levels.

You collected 56 gold pieces.

Inventory:

Hand Weapons
 a - a +0 rapier (weapon)
Missiles
 d - 3 throwing nets (quivered)
 e - a javelin
Armour
 b - a +0 leather armour (worn)
 c - a +0 helmet (worn)
Jewellery
 f - a ring of ice
Scrolls
 h - a scroll of identify {unknown}
Potions
 g - 2 potions of curing {unknown}


   Skills:
 + Level 2.0 Fighting
 + Level 3.5 Short Blades
 + Level 1.5 Throwing
 + Level 3.5 Dodging


You had one spell level left.
You didn't know any spells.
Your spell library contained the following spells:

 Spells                   Type           Power      Damage    Failure   Level
 Conjure Flame            Conj/Fire      0%         6-21      82%         3
 Ignite Poison            Fire/Tmut/Pois 0%         N/A       82%         3
 Sticky Flame             Conj/Fire      0%         2d3       99%         4


Dungeon Overview and Level Annotations

Branches:
Dungeon (1/15)

Altars:


Innate Abilities, Weirdness & Mutations

Your natural rate of healing is accelerated.
You have razor-sharp teeth.
You have supernaturally acute eyesight. (SInv)
You are afflicted with vampirism.


Message History

The gnoll shouts!
The gnoll moves out of view.
A quokka is nearby!
A quokka is nearby!
A quokka is nearby!
A quokka is nearby!
You hit the quokka but do no damage. The quokka misses you.
You closely miss the quokka. The quokka bites you.
You hit the gnoll.
The gnoll is moderately wounded.
The quokka bites you but does no damage.
The gnoll closely misses you.
You closely miss the gnoll.
The gnoll is moderately wounded.
The quokka bites you. The gnoll hits you with a +0 whip.
The quokka closely misses you.
You closely miss the gnoll.
The gnoll is lightly wounded.
The gnoll barely misses you. The quokka bites you.
You are too injured to fight recklessly!
You are too injured to fight recklessly!
You are too injured to fight recklessly!
You are too injured to fight recklessly!
You are too injured to fight recklessly!
You are too injured to fight recklessly!
You are too injured to fight recklessly!
There are monsters nearby!
There are monsters nearby!
There are monsters nearby!
You are too injured to fight recklessly!
You barely miss the gnoll.
The gnoll is lightly wounded.
The gnoll hits you with a +0 whip. The quokka misses you.
You closely miss the gnoll.
The gnoll is lightly wounded.
The gnoll hits you with a +0 whip.
* * * LOW HITPOINT WARNING * * *
The quokka misses you. The gnoll attacks as you move away!
The gnoll hits you with a +0 whip!
You die...

#####.............#
#...###.###
..................#
###.#.....#
####.....###########
#.#.##### ..##.....#
#......# #.#.# ####
~.##.....# #....=.#
#.#.####...
P.##.....# #......
#.#....#.##
P.##.....# #.....
#.####.....
~~##.....# #.gr###
#.# #.#.#.
.#########
#@..####.######.#.
..#
#.#...............
..#
#.#..##.#######.#>
.##
#......##.........#.
##
###....############.
# #################.
# ######.........#.
# #########
#......######.##. #
#.......# #.###..#
#......


You could see a gnoll and a quokka.

Vanquished Creatures
  3 goblins (D:1)
  A hobgoblin (D:1)
  A quokka (D:1)
  A ball python (D:1)
  A frilled lizard (D:1)
  A kobold (D:1)
  A rat (D:1)
9 creatures vanquished.

Notes
Turn   | Place    | Note
-------+----------+-------------------------------------------
     0 | D:1      | SensoryNuts the Vampire Gladiator began the quest for the
                  | Orb.
     0 | D:1      | Reached XP level 1. HP: 16/16 MP: 1/1
   259 | D:1      | Reached XP level 2. HP: 15/22 MP: 2/2
   710 | D:1      | Slain by a gnoll

Illustrated notes

Levels and vault maps discovered:
D:1:      lemuel_arrival_muddy, layout_basic, chequers_serial_rivers_marsh,
          minmay_nonomino_d4

Skill      XL: |  1 |
---------------+----+-----
Fighting       | 2 |  2.0
Short Blades   | |  3.5
Throwing       | |  1.5
Dodging        | |  3.5

Action                   || total
-------------------------++-------
Melee: Rapier            ||    26
       Bite              ||     2
Armor: Leather armour    ||     5
Dodge: Dodged            ||    15

Table legend: (Time is in decaauts)
 A = Elapsed time spent in this place.
 B = Non-inter-level travel time spent in this place.
 C = Inter-level travel time spent in this place.
 D = Time resting spent in this place.
 E = Time spent auto-exploring this place.
 F = Levels seen in this place.
 G = Mean time per level.
                   A        B        C        D        E       F      G
               +--------+--------+--------+--------+--------+-----+--------+
         Total |    715 |    715 |      0 |      0 |    658 |   1 |  715.0 |
       Dungeon |    715 |    715 |      0 |      0 |    658 |   1 |  715.0 |
               +--------+--------+--------+--------+--------+-----+--------+

Top non-repeatable levels by time:
     D:1: 715 daAuts
